 Dungeon Crawl Stone Soup version 0.19.5 (webtiles) character file.

299 Folque01 the Distorting Demonspawn (level 6, 0/48 HPs)
             Began as a Demonspawn Abyssal Knight on Apr 16, 2017.
             Was a Believer of Lugonu.
             Succumbed to a scorpion's poison
             ... on level 4 of the Dungeon.
             The game lasted 00:25:34 (3500 turns).

Folque01 the Distorting Demonspawn (DsAK)           Turns: 3500, Time: 00:25:35

Health: 0/48       AC:  9    Str: 13 (14) XL:     6   Next: 13%
Magic:  6/9        EV: 13    Int: 11 (13) God:    Lugonu [**....]
Gold:   217        SH:  0    Dex: 12 (13) Spells: 0 memorised, 5 levels left

rFire  . . .     SeeInvis .     a - +1 spear
rCold  . . .     Gourm    .     i - +2 leather armour {MR+}
rNeg   . . .     Faith    +     (no shield)
rPois  .         Spirit   .     (no helmet)
rElec  .         Reflect  .     (no cloak)
rCorr  .         Harm     .     (no gloves)
MR     +....                    q - +1 pair of boots
Stlth  +.........               o - amulet of faith
                                (no ring)
                                (no ring)

@: lethally poisoned (0 -> -8)
A: hooves 1, thin metallic scales 1, rot immunity
a: Depart the Abyss, Bend Space, Renounce Religion


You were on level 4 of the Dungeon.
You worshipped Lugonu.
Lugonu was pleased with you.
You were not hungry.

You visited 1 branch of the dungeon, and saw 4 of its levels.
You visited the Abyss 1 time.

You collected 217 gold pieces.

Inventory:

Hand Weapons
 a - a +1 spear (weapon)
 j - a +0 dagger of venom
 r - a +0 trident
Armour
 b - a +0 leather armour
 i - a +2 leather armour of magic resistance (worn)
 q - a +1 pair of boots (worn)
Jewellery
 o - an amulet of faith (around neck)
Scrolls
 g - a scroll of remove curse
 h - a scroll of blinking
 l - a scroll of teleportation
Potions
 n - a potion of magic {unknown}
 p - a potion of flight {unknown}
Comestibles
 c - 2 bread rations
 f - a meat ration
 k - 4 fruits
 m - a slice of pizza


   Skills:
 - Level 4.0 Fighting
 + Level 2.1 Polearms
 - Level 3.0 Armour
 - Level 3.3 Dodging
 - Level 4.3 Invocations


You had 5 spell levels left.
You didn't know any spells.

Dungeon Overview and Level Annotations

Branches:
Dungeon (4/15)
 Temple: D:4-7

Altars:
Dithmenos
Nemelex Xobeh
Okawaru
Ru
Sif Muna
Xom


Innate Abilities, Weirdness & Mutations

You have large cloven feet.
You are partially covered in thin metallic scales. (AC +2)
You are immune to rotting.


Message History

You are poisoned.
The scorpion poisons you!
You miss the adder.
The adder is heavily wounded.
* * * LOW HITPOINT WARNING * * *
You feel sick. The adder bites you but does no damage.
The scorpion closely misses you. The adder misses you.
You don't know any spells.
Space bends around you!
You blink.
* * * LOW HITPOINT WARNING * * *
x2 You feel sick.
The scorpion misses you. The adder completely misses you.
Space bends around you!
You blink.
* * * LOW HITPOINT WARNING * * *
Space bends around you!
You blink.
* * * LOW HITPOINT WARNING * * *
x2 You feel sick.
It was a potion of degeneration.
There was something very wrong with that liquid.
You feel weakened.
You feel dopey.
You feel clumsy.
You die...

###..##
#####..##
#.$..ยง..#######
##............##
##...s........#
##..S........#
##..........#
###........#.
##@..(...#
######.##


You could see a scorpion and an adder.

Vanquished Creatures
  3 orc wizards (D:3)
  An orc priest (D:3)
  Terence (D:3)
  9 adders
  An ooze (D:2)
  2 worms (D:2)
  3 dart slugs
  A leopard gecko (D:3)
  11 orcs
  6 bats
  2 giant cockroaches (D:2)
  5 goblins
  6 hobgoblins
  6 kobolds
  A quokka (D:3)
  2 frilled lizards (D:3)
  2 rats
62 creatures vanquished.

Notes
Turn   | Place    | Note
-------+----------+-------------------------------------------
     0 | Abyss:1  | Folque01 the Demonspawn Abyssal Knight began the quest for the Orb.
     0 | Abyss:1  | Reached XP level 1. HP: 18/18 MP: 2/2
    13 | D:1      | Escaped the Abyss
   233 | D:1      | Reached skill level 1 in Dodging
   578 | D:2      | Gained mutation: You have large cloven feet. [demonic ancestry]
   578 | D:2      | Reached XP level 2. HP: 23/24 MP: 4/4
   821 | D:2      | Found a sacrificial altar of Ru.
   906 | D:2      | Reached XP level 3. HP: 25/29 MP: 5/5
  1625 | D:2      | Gained mutation: You are partially covered in thin metallic scales. (AC +2) [demonic ancestry]
  1625 | D:2      | Reached XP level 4. HP: 32/35 MP: 6/6
  2043 | D:3      | Reached ** piety under Lugonu
  2174 | D:3      | Reached XP level 5. HP: 26/42 MP: 8/8
  2292 | D:3      | Noticed Terence
  2317 | D:3      | Killed Terence
  2448 | D:3      | Found a shadowy altar of Dithmenos.
  2667 | D:3      | Found a sparkling altar of Nemelex Xobeh.
  2667 | D:3      | Found an iron altar of Okawaru.
  2795 | D:3      | Found a faded altar of an unknown god.
  2795 | D:3      | Found a shimmering altar of Xom.
  2824 | D:3      | Found a deep blue altar of Sif Muna.
  2849 | D:3      | Gained mutation: You are immune to rotting. [demonic ancestry]
  2849 | D:3      | Reached XP level 6. HP: 23/48 MP: 9/9
  2850 | D:3      | Found a faded altar of an unknown god.
  3000 | D:3      | Found a faded altar of an unknown god.
  3499 | D:4      | HP: 1/48 [spatial distortion (3)]
  3500 | D:4      | Succumbed to a scorpion's poison

Skill      XL: |  1  2  3  4  5 |
---------------+----------------+-----
Dodging        | 1 3 |  3.3
Polearms       | 2 |  2.1
Armour         | 2 3 |  3.0
Invocations    | 3 4 |  4.3
Fighting       | 4 |  4.0

Action                   |  1- 3 |  4- 6 || total
-------------------------+-------+-------++-------
Melee: Spear             |   153 |   248 ||   401
       Kick              |    12 |    40 ||    52
Invok: Bend Space        |       |     4 ||     4
  Use: Scroll            |     8 |     3 ||    11
       Potion            |       |     5 ||     5
  Eat: Chunk             |     2 |     7 ||     9
Armor: Leather armour    |    16 |    54 ||    70
Dodge: Dodged            |    60 |   113 ||   173
